 Dungeon Crawl Stone Soup version 0.27.1-1-g398f81649c (webtiles) character file.

Game seed: 7427156968238279394

1683553 ABBCCCDDDD the Sensei (level 27, 284/284 HPs)
             Began as an Octopode Summoner on Sept 8, 2021.
             Was an Initiate of Gozag.
             Escaped with the Orb
             ... and 3 runes on Sept 9, 2021!
             The game lasted 03:07:08 (70631 turns).

ABBCCCDDDD the Sensei (Octopode Summoner)          Turns: 70631, Time: 03:07:09

Health: 284/284    AC: 35    Str:  9    XL:     27
Magic:  42/42      EV: 25    Int: 35    God:    Gozag
Gold:   8977       SH: 18    Dex: 21    Spells: 27/46 levels left

rFire    + + .     SeeInvis +     - Unarmed
rCold    + + +     Faith    .   i - +5 kite shield {reflect}
rNeg     + + +     Spirit   .   o - +2 hat {SInv}
rPois    ∞         Reflect  +   h - amulet "Cuapous" {RegenMP +Blink rC+ Will+}
rElec    +         Harm     .   m - +4 ring of protection
rCorr    +         Rampage  .   q - ring of Fukk {Will++ rCorr Dex+4 Stlth+}
Will     +++++                  F - ring of Caqic {rN+ Int+3}
Stlth    +++.......             a - ring "Jaygov" {rC+ rN+ MP+9 Str-2 Int+4}
HPRegen  1.57/turn              J - ring of protection from fire
MPRegen  0.53/turn              S - ring "Dyryhum" {Fly rC+ EV+4 Dex+3}
                                r - ring of protection from fire
                                x - ring of the Sky {Wiz Will+ Dex+3}

@: statue-form, flying, very slow
A: slow and powerful, torment resistance 1, boosted hp, almost no armour,
amphibious, 8 rings, camouflage 1, (gelatinous body 1), (nimble swimmer 1),
tentacles, clever 1, clumsy 1, deterioration 1, low mp 1, regeneration 1,
inability to read while threatened
0: Orb of Zot
}: 3/15 runes: barnacled, abyssal, gossamer
a: End Transformation, Renounce Religion, Evoke Blink, Potion Petition, Call
Merchant, Bribe Branch


You escaped.
You worshipped Gozag.
Gozag was greatly pleased with you.
You were a living statue of rough stone.
You visited 9 branches of the dungeon, and saw 46 of its levels.
You visited the Abyss 1 time.
You also visited: Ossuary and Wizlab.

You collected 28399 gold pieces.
You spent 7171 gold pieces at shops.
You paid 12251 gold pieces to Gozag.

Inventory:

Missiles
 s - 27 javelins (quivered)
 L - a throwing net
Armour
 i - a +5 kite shield of reflection (worn)
 o - a +2 hat of see invisible (worn)
 u - the -1 hat of the Thirteen Priests {rF- Dex+9 Slay+4}
   (You acquired it on level 3 of the Depths)

   Dex:       It affects your dexterity (+9).
   Slay:      It affects your accuracy & damage with ranged weapons and melee
   (+4).
   rF:        It makes you vulnerable to fire.
Jewellery
 a - the ring "Jaygov" (on tentacle) {rC+ rN+ MP+9 Str-2 Int+4}
   (You took it off a merfolk javelineer on level 4 of the Shoals)

   [ring of protection from cold]

   Str:       It affects your strength (-2).
   Int:       It affects your intelligence (+4).
   rC:        It protects you from cold.
   rN:        It protects you from negative energy.
   MP:        It affects your magic capacity (+9).
 h - the amulet "Cuapous" (around mantle) {RegenMP +Blink rC+ Will+}
   (You bought it in a shop on level 5 of the Depths)

   [amulet of magic regeneration]

   It increases your rate of magic regeneration.
   rC:        It protects you from cold.
   +Blink:    It lets you blink.
   Will:      It increases your willpower.
 m - a +4 ring of protection (left tentacle)
 q - the ring of Fukk (right tentacle) {Will++ rCorr Dex+4 Stlth+}
   (You bought it in a shop on level 5 of the Depths)

   [ring of resist corrosion]

   Dex:       It affects your dexterity (+4).
   rCorr:     It protects you from acid and corrosion.
   Will:      It greatly increases your willpower.
   Stlth:     It makes you more stealthy.
 r - a ring of protection from fire (on tentacle)
 x - the ring of the Sky (on tentacle) {Wiz Will+ Dex+3}
   (You took it off a deep elf annihilator on level 4 of the Depths)

   [ring of wizardry]

   It improves your spell success rate.
   Dex:       It affects your dexterity (+3).
   Will:      It increases your willpower.
 F - the ring of Caqic (on tentacle) {rN+ Int+3}
   (You found it on level 8 of the Dungeon)

   [ring of positive energy]

   Int:       It affects your intelligence (+3).
   rN:        It protects you from negative energy.
 J - a ring of protection from fire (on tentacle)
 S - the ring "Dyryhum" (on tentacle) {Fly rC+ EV+4 Dex+3}
   (You bought it in a shop on level 1 of the Lair of Beasts)

   [ring of evasion]

   EV:        It affects your evasion (+4).
   Dex:       It affects your dexterity (+3).
   rC:        It protects you from cold.
   Fly:       It grants you flight.
Wands
 g - a wand of paralysis (64)
 y - a wand of iceblast (24)
 G - a wand of charming (17)
 Q - a wand of digging (9)
 U - a wand of acid (1)
 Z - a wand of flame (127)
Scrolls
 k - 5 scrolls of fog
 t - 6 scrolls of identify
 A - 2 scrolls of silence
 C - 3 scrolls of brand weapon
 D - 4 scrolls of magic mapping
 E - a scroll of holy word
 I - 3 scrolls of enchant armour
 K - a scroll of torment
 M - 6 scrolls of fear
 O - 19 scrolls of teleportation
 R - 5 scrolls of immolation
 V - 8 scrolls of amnesia
 W - a scroll of blinking
Potions
 b - 16 potions of curing
 c - 4 potions of attraction
 d - 9 potions of heal wounds
 e - a potion of mutation
 f - 6 potions of ambrosia
 j - 9 potions of lignification
 l - 6 potions of resistance
 n - 9 potions of berserk rage
 p - 2 potions of might
 z - 6 potions of cancellation
 B - 5 potions of magic
 H - a potion of haste
 T - 7 potions of invisibility
 Y - 4 potions of brilliance
Miscellaneous
 v - a phial of floods
 N - a box of beasts
 P - a condenser vane
 X - a lightning rod (4/4)


   Skills:
 + Level 25.7 Fighting
 - Level 5.0 Short Blades
 - Level 12.0 Dodging
 - Level 11.0 Stealth
 - Level 15.0 Shields
 + Level 25.7 Unarmed Combat
 - Level 10.0 Spellcasting
 - Level 5.8 Summonings
 - Level 12.0 Transmutations
 - Level 10.0 Ice Magic
 - Level 12.0 Earth Magic
 - Level 10.0 Evocations


You had 27 spell levels left.
You knew the following spells:

 Your Spells              Type           Power      Damage    Failure   Level
a - Summon Small Mammal   Summ           100%       N/A       1%          1
b - Call Canine Familiar  Summ           56%        N/A       1%          3
c - Petrify               Tmut/Erth      79%        N/A       1%          4
d - Statue Form           Tmut/Erth      52%        N/A       1%          6
e - Frozen Ramparts       Ice            100%       1d12      1%          3
f - Wereblood             Tmut           79%        N/A       1%          2

Your spell library contained the following spells:

 Spells                   Type           Power      Damage    Failure   Level
 Beastly Appendage        Tmut           100%       N/A       0%          1
 Sandblast                Erth           100%       2d20      0%          1
 Animate Skeleton         Necr           34%        N/A       1%          1
 Apportation              Tloc           34%        N/A       1%          1
 Corona                   Hex            18%        N/A       1%          1
 Freeze                   Ice            100%       1d11      1%          1
 Magic Dart               Conj           68%        1d6       1%          1
 Pain                     Necr           68%        1d7       1%          1
 Sting                    Tmut/Pois      100%       1d8       1%          1
 Call Imp                 Summ           56%        N/A       1%          2
 Corpse Rot               Necr/Air       N/A        N/A       1%          2
 Passwall                 Tmut/Erth      65%        N/A       1%          2
 Poisonous Vapours        Pois/Air       34%        N/A       1%          2
 Searing Ray              Conj           34%        3d4       1%          2
 Slow                     Hex            17%        N/A       1%          2
 Sublimation of Blood     Necr           8%         N/A       1%          2
 Ignite Poison            Fire/Tmut/Pois 45%        N/A       1%          3
 Spider Form              Tmut/Pois      28%        N/A       1%          3
 Summon Guardian Golem    Hex/Summ       38%        N/A       1%          3
 Hailstorm                Conj/Ice       51%        3d11      1%          4
 Ice Form                 Ice/Tmut       76%        N/A       1%          4
 Leda's Liquefaction      Hex/Erth       28%        N/A       1%          4
 Lee's Rapid Deconstruct  Erth           39%        3d20*     1%          5
 Irradiate                Conj/Tmut      28%        3d23      2%          5
 Yara's Violent Unravell  Hex/Tmut       28%        3d12      2%          5
 Confusing Touch          Hex            17%        N/A       3%          3
 Conjure Flame            Conj/Fire      17%        6-21      3%          3
 Gell's Gravitas          Tloc           8%         N/A       3%          3
 Inner Flame              Hex/Fire       17%        N/A       3%          3
 Lesser Beckoning         Tloc           8%         N/A       3%          3
 Mephitic Cloud           Conj/Pois/Air  17%        N/A       3%          3
 Portal Projectile        Hex/Tloc       34%        N/A       3%          3
 Teleport Other           Tloc           17%        N/A       3%          3
 Summon Lightning Spire   Summ/Air       38%        N/A       3%          4
 Bolt of Magma            Conj/Fire/Erth 22%        4d11      5%          5
 Dragon Form              Tmut           39%        N/A       6%          7
 Freezing Cloud           Conj/Ice/Air   20%        6-21      8%          5
 Summon Forest            Summ/Tloc      19%        N/A       9%          5
 Summon Mana Viper        Hex/Summ       38%        N/A       9%          5
 Animate Dead             Necr           8%         N/A       10%         4
 Cause Fear               Hex            8%         N/A       10%         4
 Fulminant Prism          Conj/Hex       8%         3d7       10%         4
 Passage of Golubria      Tloc           N/A        N/A       10%         4
 Sticky Flame             Conj/Fire      17%        2d4       10%         4
 Eringya's Noxious Bog    Tmut/Pois      28%        N/A       13%         6
 Iron Shot                Conj/Erth      28%        9d6       13%         6
 Simulacrum               Ice/Necr       25%        N/A       19%         6
 Agony                    Necr           17%        N/A       26%         5
 Excruciating Wounds      Necr           8%         N/A       26%         5
 Silence                  Hex/Air        8%         N/A       26%         5
 Summon Hydra             Summ           28%        N/A       56%         7
 Dispersal                Tloc           8%         N/A       80%         6
 Haunt                    Necr/Summ      19%        N/A       91%         7
 Lehudib's Crystal Spear  Conj/Erth      28%        10d7      99%         8
 Necromutation            Tmut/Necr      28%        N/A       99%         8
 Summon Horrible Things   Summ           28%        N/A       99%         8
 Borgnjor's Revivificati  Necr           8%         N/A       100%        8
 Discord                  Hex            8%         N/A       100%        8
 Disjunction              Tloc           8%         N/A       100%        8
 Infestation              Necr           8%         N/A       100%        8
 Chain Lightning          Conj/Air       8%         3d11      100%        9
 Death's Door             Necr           8%         N/A       100%        9
 Dragon's Call            Summ           28%        N/A       100%        9


Dungeon Overview and Level Annotations

Branches:
Dungeon (15/15)            Temple (1/1) D:5            Lair (6/6) D:11
 Shoals (4/4) Lair:3       Spider (4/4) Lair:3        Slime (0/5) Lair:5
    Orc (2/2) D:10            Elf (0/3) Orc:2        Vaults (4/5) D:13
  Crypt (0/3) Vaults:3     Depths (5/5) D:15            Zot (5/5) Depths:5
Ossuary (visited)          WizLab (visited)

Altars:
Ashenzari
Cheibriados
Dithmenos
Elyvilon
Fedhas
Gozag
Hepliaklqana
Kikubaaqudgha
Makhleb
Nemelex Xobeh
Okawaru
Qazlal
Ru
Sif Muna
Trog
Uskayaw
Vehumet
Wu Jian
Xom
Yredelemnul
Zin
The Shining One
Jiyva
Lugonu

Shops:
D:11 ?   D:13 *   Orc:1 ?   Orc:2 !*=*   Lair:1 :[?=:=   Vaults:4 *
Depths:2 =   Depths:4 [   Depths:5 [?=[

Portals:
Hell: Depths:1 Depths:2 Depths:3 Depths:4 Depths:5
Abyss: Depths:2 Depths:4
Pandemonium: Depths:3
Ziggurat: Depths:5
Trove: D:12 (give +6 demon whip)

Annotations:
D:6 3 runed translucent doors, YannSP's ghost, novice OpTm
D:10 exclusion: downstairs
D:13 3 runed translucent doors, exclusion: downstairs, Gonodgh's ghost, journeyman MiFi
Depths:4 1 runed translucent door


Innate Abilities, Weirdness & Mutations

You are a living statue of rough stone.
Your actions are slow, but your melee attacks are powerful.
You are resistant to unholy torment.
Your maximum health is greatly increased.
You are immune to poison.
You cannot wear most types of armour.
You are amphibious.
You can wear up to eight rings at the same time.
Your skin changes colour to match your surroundings (Stealth+).
((Your rubbery body absorbs attacks. (AC +1, EV +1)))
((You are camouflaged near water. (Stealth+)))
You have tentacles for arms and can constrict up to eight enemies at once.
Your mind is acute. (Int +2)
You are clumsy. (Dex -2)
Your body sometimes deteriorates upon taking damage.
Your magical capacity is low. (-10% MP)
Your natural rate of healing is unusually fast.
You sometimes lose the ability to read scrolls when taking damage.


Message History

No target in view!
No target in view!
No target in view!
The smoke demon gestures at you. The ball of steam misses you.
The smoke demon gestures at you.
The sticky flame hits you but does no damage.
You are covered in liquid flames!
You are covered in liquid flames!
You are no longer on fire.
The smoke demon closely misses you. You block the smoke demon's attack. x2
You thrash the smoke demon!!!
You kill the smoke demon!
You now have 8963 gold pieces (gained 3).
Aiming: Dig
Press: ? - help, Shift-Dir - straight line A rock wall.
This square is covered in magical glow.
The rock shatters into small pieces. 3 hell hounds come into view.
The hell hound barks! x2
You thrash the hell hound!!!
You kill the hell hound!
The hell hound is distracted by your dazzling golden aura.
The hell hound is no longer distracted by gold.
You see here 8 gold pieces.
You closely miss the hell hound. You grab the hell hound.
You tentacle-slap the hell hound!!
You squeeze the hell hound, but do no damage.
The hell hound is severely wounded.
You constrict the hell hound. You block the hell hound's attack.
You thrash the hell hound!!!!
You kill the hell hound!
You thrash the hell hound!!!!
You kill the hell hound!
You now have 8977 gold pieces (gained 14).
There is an open door here.
There is an open door here.
There is a staircase leading out of the dungeon here.
You have escaped!

.# ##'## ##>## ##'## .#
##...######...######...## .#
#.......................# .#
#..⌠........⌠........⌠..# .#
#.......................# .#
##...######...######...## .#
##### #####'##### ##### .#
##.........## .# #..♣..8..♣..#
##### .#### ##.........## #....
....# ### ##################.###
.##.###.# ###.(.........÷...###
........#####....########.###....
.###.##....##..........#.........
...#.#####.##..........#.#.#.....
####...# #.......#.......#.#.....
###.######....#....####...#.#.


There were no monsters in sight!

Levels and vault maps discovered:
D:1:      minmay_arrival_split_and_join, layout_basic
D:2:      layout_rooms, dreamdust_ecumenical_altar_grove
D:3:      layout_basic, minmay_starry_boxes
D:4:      layout_rooms, feat_on_display
D:5:      layout_rooms, gammafunk_temple_overflow_wave,
          nicolae_elyvilon_temple_path, minmay_temple_entry_trees,
          lightli_ossuary_entry_decrepit_ruins, uniq_eustachio, uniq_edmund,
          uniq_prince_ribbit1
D:6:      layout_layer_cave, nicolae_hepliaklqana_monster_ancestors,
          ebering_ghost_rock_garden
D:7:      layout_basic, lemuel_crystal_altar, serial_bayou_crossing
D:8:      layout_loops_ring, kennysheep_mini_moat, mainiacjoe_overflow_alcove_4,
          dk_yredelemnul_ordeal, mainiacjoe_overflow_chevrons,
          amcnicky_altar_gilded, minmay_checkerbox, uniq_pikel
D:9:      layout_layer_cave, small_chamber_with_monster
D:10:     cheibrodos_helix_gallery, layout_loops_ring, okawaru_trees_1,
          david_orc_3, uniq_joseph, uniq_maggie
D:11:     layout_roguey, lair_entry_dummy, serial_shops, nicolae_lakefront_shop,
          chequers_big_river
D:12:     layout_cave_pods, enter_trove_3, enter_bailey_3, uniq_kirke,
          uniq_nessos
D:13:     layout_loops_ring, erik_vaults_1, gammafunk_ghost_split, serial_shops,
          shop
D:14:     layout_basic, nrook_pool_corridor, lemuel_old_faithful
D:15:     grunt_enter_depths_snipers, layout_rooms,
          hangedman_abyss_or_decor_stagger, uniq_louise, uniq_jorgrun
Temple:   chequers_temple_sunken
Lair:1:   layout_misc_corridors
Lair:2:   layout_layer_cave, grunt_megastairs_1, uniq_gastronok, uniq_sonja
Lair:3:   layout_regular_city, minmay_shoals_entry_centaurs, dummy_spider_entry
Lair:4:   layout_cave_pods, lemuel_fruit_tree, grunt_megastairs_3
Lair:5:   layout_cave_pods, slime_altar_1, minivault_27, pf_torpor_hydra
Lair:6:   minmay_lair_end_enchanted_forest, layout_layer_cave, dpeg_oklob_1
Shoals:1: layout_shoals, nicolae_shoals_nautilus_by_nature
Shoals:2: layout_shoals, uniq_donald, uniq_ilsuiw
Shoals:3: layout_shoals, nicolae_shoals_siren_and_animal_friends
Shoals:4: shoals_end_hellmonk_storm_palace [storm_palace_center_circular,
          storm_palace_corner_grid, storm_palace_corner_grid,
          storm_palace_corner_pillars, storm_palace_corner_grid]
Spider:1: layout_spider_delve, hangedman_spider_tarantella_strand, uniq_nikola,
          uniq_asterion
Spider:2: layout_spider_delve, nicolae_spider_moth_buddies
Spider:3: layout_spider_delve, nicolae_spider_swamp_cousins
Spider:4: grunt_spider_rune_circles, guppyfry_spider_mini_2
Orc:1:    layout_caves, serial_shops, shop, rock_pile
Orc:2:    st_orc_mages, layout_caves, portal_ice_cave_rime,
          nicolae_orc_bridge_out
Vaults:1: grunt_vaults_focal, ontoclasm_vaults_spin, v_misc_14, v_alt_pattern_2,
          nicolae_vaults_ring_of_whatevers, nicolae_vaults_three_branches,
          hangedman_vaults_slice, layout_vaults_omnigrid
Vaults:2: nicolae_vaults_network_square, v_misc_24, v_rooms_5, v_misc_26,
          nicolae_vaults_what_the_h, hangedman_vaults_stream, v_alt_pattern_3,
          v_misc_15, grunt_vaults_bifocal, st_cells,
          nicolae_vaults_puzzle_piece, v_misc_23, v_misc_22,
          ontoclasm_vaults_idyll, grunt_vaults_diagonal, layout_vaults_maze
Vaults:3: nicolae_vaults_stairing_the_circle, hangedman_vaults_capsules,
          ontoclasm_vaults_eye, v_rooms_2, minmay_crypt_entry_necro_gods,
          hangedman_vaults_stretched_pinwheel, vaults_room_door_hall,
          vaults_dpeg_diagonal, hangedman_vaults_locks,
          vaults_room_stairs_pillars, nicolae_vaults_little_squares_2,
          st_smaller_cells, layout_vaults_omnibox
Vaults:4: nicolae_vaults_c_with_doors, nicolae_vaults_big_ls,
          hangedman_vaults_nodes, v_misc_14, hangedman_vaults_snaps,
          nicolae_vaults_little_squares_5, nicolae_vaults_ring_of_whatevers,
          nicolae_vaults_little_ls, layout_vaults_big_room, serial_shops,
          nicolae_shop_competitors_out_of_business
Depths:1: minmay_guarded_unrand_majin_bo, layout_basic,
          minmay_misc_feat_ornament, pf_hell_entry_tar_river,
          infiniplex_enter_wizlab_glasses, st_stairs_7, nicolae_vehumet_radiance
Depths:2: pf_snail_temple, layout_cave_shapes, minmay_misc_feat_cross,
          abyss_entry_flame_altar, pf_dread_powers_of_hell, serial_shops, shop,
          infiniplex_staircase_diamond
Depths:3: minmay_crescents, layout_cave_shapes, hell_entry,
          minmay_misc_feat_five, rand_demon_pan_entry_1,
          infiniplex_staircase_river, kennysheep_random_hallway
Depths:4: minmay_complete_graph, layout_basic, minmay_misc_feat_tower,
          muffindrake_ghost_dual_entry, abyss_entry, hellmouth_1,
          nicolae_stop_n_shop_2
Depths:5: grunt_zot_entry_pinwheel, layout_honeycomb, enter_ziggurat_b,
          hangedman_decor_opposing, hell_entry, grunt_decor_mini_mirrors,
          horrible_house_mu, uniq_boris
Zot:1:    layout_onion, skrybe_zot_glass_2
Zot:2:    layout_misc_corridors, st_single_dragon_hoard_4
Zot:3:    layout_onion_interference, lemuel_elevator, grunt_megastairs_5
Zot:4:    layout_gridlike
Zot:5:    layout_cathedral_of_symmetry

Notes
Turn   | Place    | Note
-------+----------+-------------------------------------------
     0 | D:1      | ABBCCCDDDD the Octopode Summoner began the quest for the
                  | Orb.
     0 | D:1      | Reached XP level 1. HP: 11/11 MP: 3/3
   966 | D:1      | Reached XP level 2. HP: 11/18 MP: 1/5
  1325 | D:1      | Reached skill level 1 in Fighting
  1841 | D:2      | Found a faded altar of an unknown god.
  1968 | D:1      | Reached XP level 3. HP: 7/23 MP: 4/6
  3181 | D:3      | Reached XP level 4. HP: 20/29 MP: 7/7
  3308 | D:3      | Reached skill level 1 in Short Blades
  3663 | D:3      | Reached XP level 5. HP: 34/34 MP: 8/8
  3892 | D:4      | Reached skill level 5 in Summonings
  4091 | D:4      | Reached skill level 5 in Stealth
  4091 | D:4      | Reached XP level 6. HP: 41/41 MP: 9/9
  4559 | D:5      | Entered Level 5 of the Dungeon
  4606 | D:5      | Reached XP level 7. HP: 36/46 MP: 7/10
  4682 | D:5      | Noticed Prince Ribbit
  4956 | D:5      | Found a sand-covered staircase.
  4963 | D:5      | Noticed Eustachio
  4964 | Ossuary  | Entered an ossuary
  4964 | Ossuary  | Noticed a wraith
  4964 | Ossuary  | Noticed a wraith
  4964 | Ossuary  | Noticed a wraith
  5112 | Ossuary  | Learned a level 3 spell: Call Canine Familiar
  5120 | Ossuary  | Noticed a wraith
  5232 | Ossuary  | Killed a wraith
  5749 | D:5      | Killed Eustachio
  5750 | D:5      | Reached XP level 8. HP: 34/54 MP: 7/12
  5907 | D:5      | Killed Prince Ribbit
  6040 | D:5      | Reached skill level 5 in Fighting
  6165 | D:5      | Noticed Edmund
  6421 | D:5      | Found a white marble altar of Elyvilon.
  6452 | D:5      | Became a worshipper of Elyvilon the Healer
  6613 | D:5      | Found a shimmering blue altar of Sif Muna.
  6613 | D:5      | Found an ancient bone altar of Kikubaaqudgha.
  6643 | D:5      | Found a staircase to the Ecumenical Temple.
  6704 | Temple   | Entered the Ecumenical Temple
  6878 | Temple   | Fell from the grace of Elyvilon
  6878 | Temple   | Became a worshipper of Gozag Ym Sagoz the Greedy
  7039 | D:5      | Killed Edmund
  7040 | D:5      | Reached skill level 5 in Short Blades
  7137 | D:6      | Reached XP level 9. HP: 63/63 MP: 13/13
  7271 | D:6      | Found a runed translucent gate.
  7272 | D:6      | Found a runed translucent gate.
  7272 | D:6      | Found a runed translucent gate.
  7274 | D:6      | Noticed YannSP's ghost (novice OpTm)
  8182 | D:6      | Found a hazy altar of Hepliaklqana.
  8562 | D:7      | Found a radiant altar of Vehumet.
  8576 | D:7      | Reached skill level 1 in Evocations
  9584 | D:8      | Found a shadowy altar of Dithmenos.
  9661 | D:8      | Learned a level 4 spell: Petrify
  9665 | D:8      | Found a snail-covered altar of Cheibriados.
  9928 | D:8      | Reached skill level 1 in Transmutations
  9928 | D:8      | Reached skill level 1 in Earth Magic
  9984 | D:8      | Reached XP level 10. HP: 73/73 MP: 11/14
 10011 | D:8      | Reached skill level 5 in Evocations
 10056 | D:8      | Noticed Pikel
 10095 | D:8      | Killed Pikel
 10318 | D:8      | Noticed a centaur warrior
 10724 | D:8      | Found a sparkling altar of Nemelex Xobeh.
 11005 | D:7      | Reached skill level 1 in Shields
 11264 | D:8      | Identified the ring of Caqic {rN+ Int+3}
 11334 | D:8      | Found a sacrificial altar of Ru.
 11995 | D:9      | Noticed a tengu warrior
 12262 | D:8      | Killed a centaur warrior
 13401 | D:10     | Entered Level 10 of the Dungeon
 13405 | D:10     | Found an iron altar of Okawaru.
 13533 | D:10     | Gained mutation: You are weak. (Str -2) [mutagenic glow]
 13951 | D:10     | Found a staircase to the Orcish Mines.
 13989 | D:10     | Reached XP level 11. HP: 30/80 MP: 0/15
 14253 | D:10     | Identified the ring of Cowardice {rElec rN+ Will- Dex+6
                  | Stlth+}
 14670 | D:10     | Noticed Joseph
 15039 | D:10     | Noticed Maggie
 15446 | D:10     | Reached skill level 5 in Transmutations
 15617 | D:11     | Found a staircase to the Lair.
 15635 | D:11     | Identified a scroll of acquirement
 15635 | D:11     | Acquired a +2 hat of see invisible
 15654 | D:11     | Reached skill level 5 in Earth Magic
 15708 | D:11     | Noticed a two-headed ogre
 15935 | D:10     | Killed Joseph
 16123 | D:10     | Noticed Maggie
 16123 | D:10     | Maggie changed into Maggie the steam dragon
 16136 | D:10     | Killed Maggie the steam dragon
 16567 | D:11     | Noticed a two-headed ogre
 16608 | D:11     | Noticed a six-headed hydra
 16947 | D:10     | Killed a two-headed ogre
 17091 | D:11     | Noticed a sun demon
 17201 | D:11     | Killed a two-headed ogre
 17212 | D:11     | Noticed a cyclops
 17220 | D:11     | Killed a cyclops
 17413 | D:11     | Found Norieworov's Magic Scroll Shoppe.
 17422 | D:11     | Bought a scroll of fear for 56 gold pieces
 17422 | D:11     | Bought a scroll of teleportation for 48 gold pieces
 17422 | D:11     | Bought a scroll of identify for 32 gold pieces
 17422 | D:11     | Bought a scroll of identify for 32 gold pieces
 17422 | D:11     | Bought a scroll of teleportation for 48 gold pieces
 17422 | D:11     | Bought a scroll of summoning for 152 gold pieces
 17472 | D:11     | Noticed a two-headed ogre
 17777 | D:11     | Killed a six-headed hydra
 17792 | D:11     | Killed a two-headed ogre
 17793 | D:11     | Reached XP level 12. HP: 85/85 MP: 7/16
 18261 | D:12     | Noticed Nessos
 18272 | D:12     | Killed Nessos
 18429 | D:12     | You fall into a shaft and drop 3 floors!
 18429 | D:15     | Entered Level 15 of the Dungeon
 18429 | D:15     | Noticed Louise
 18446 | D:15     | Killed Louise
 18991 | D:12     | Noticed Kirke
 19112 | D:13     | Noticed a centaur warrior
 19124 | D:13     | Noticed a centaur warrior
 19132 | D:13     | Killed a centaur warrior
 19165 | D:13     | Killed a centaur warrior
 19355 | D:13     | Found a runed translucent gate.
 19355 | D:13     | Found a runed translucent gate.
 19357 | D:13     | Found a runed translucent gate.
 19357 | D:13     | Noticed a centaur warrior
 19379 | D:13     | Noticed Gonodgh's ghost (journeyman MiFi)
 19387 | D:13     | Found Qirphidi's Assorted Antiques.
 19404 | D:13     | Bought a wooden wand for 108 gold pieces
 19404 | D:13     | Bought a scroll labelled ZARYANIQOK for 27 gold pieces
 19892 | D:14     | Noticed a boulder beetle
 20432 | D:8      | Found a runed translucent door.
 20437 | D:8      | Found a basalt altar of Yredelemnul.
 20573 | Lair:1   | Entered Level 1 of the Lair of Beasts
 20599 | Lair:1   | Reached skill level 10 in Transmutations
 20642 | Lair:1   | Reached skill level 10 in Earth Magic
 21035 | Lair:1   | Acquired the +11 quick blade "Runtoori" {flame, Str+3}
 21920 | Lair:2   | Reached skill level 5 in Shields
 22129 | Lair:2   | Noticed Gastronok
 22148 | Lair:2   | Reached XP level 13. HP: 90/90 MP: 9/19
 22776 | Lair:2   | Noticed Sonja
 22782 | Lair:2   | Killed Sonja
 23315 | Lair:2   | Killed Gastronok
 23316 | Lair:2   | Reached skill level 10 in Fighting
 23316 | Lair:2   | Reached skill level 5 in Spellcasting
 23604 | Lair:3   | Found a hole to the Spider Nest.
 23979 | Lair:3   | Found a staircase to the Shoals.
 25142 | Lair:4   | Reached skill level 10 in Stealth
 26500 | Lair:5   | Found a runed translucent door.
 26713 | Lair:5   | Got Cares's Tome of Summoning and Feathers
 26867 | Lair:5   | Found a viscous altar of Jiyva.
 26868 | Lair:5   | Found a staircase to the Slime Pits.
 27160 | Lair:5   | Reached XP level 14. HP: 99/99 MP: 23/23
 27512 | Lair:5   | Reached skill level 10 in Shields
 27578 | Lair:6   | Entered Level 6 of the Lair of Beasts
 30370 | Lair:1   | Bought a scroll of magic mapping for 42 gold pieces
 30370 | Lair:1   | Bought a scroll of acquirement for 624 gold pieces
 30372 | Lair:1   | Acquired 521 gold pieces
 30376 | Lair:1   | Bought a book of Stone for 468 gold pieces
 30383 | Lair:1   | Learned a level 6 spell: Statue Form
 30509 | Orc:1    | Entered Level 1 of the Orcish Mines
 30633 | Orc:1    | Reached skill level 1 in Unarmed Combat
 30905 | Orc:1    | Found Dypp's Magic Scroll Emporium.
 31033 | Orc:1    | Bought a scroll of fog for 36 gold pieces
 31033 | Orc:1    | Bought a scroll of identify for 36 gold pieces
 31033 | Orc:1    | Bought a scroll of summoning for 171 gold pieces
 31370 | Orc:2    | Entered Level 2 of the Orcish Mines
 31739 | Orc:2    | Reached XP level 15. HP: 103/103 MP: 18/25
 31886 | Orc:2    | Found Umidgh's Assorted Antiques.
 31886 | Orc:2    | Found Axioxase's Jewellery Shop.
 31887 | Orc:2    | Found Nibipnoj's Distillery.
 31891 | Orc:2    | Found Zafumogi's Assorted Antiques.
 31930 | Orc:2    | Found a frozen archway.
 32101 | Orc:2    | Bought a potion of magic for 104 gold pieces
 32101 | Orc:2    | Bought a potion of heal wounds for 65 gold pieces
 32101 | Orc:2    | Bought a potion of heal wounds for 65 gold pieces
 32101 | Orc:2    | Bought a potion of heal wounds for 65 gold pieces
 32101 | Orc:2    | Bought a potion of heal wounds for 65 gold pieces
 32101 | Orc:2    | Bought a potion of resistance for 130 gold pieces
 32102 | Orc:2    | Bought a scroll of teleportation for 66 gold pieces
 32286 | Orc:2    | Found a staircase to the Elven Halls.
 33222 | D:12     | Killed Kirke
 33411 | D:12     | Found a portal to a secret trove of treasure.
 33554 | D:13     | Reached skill level 5 in Unarmed Combat
 33565 | D:13     | Found a gate to the Vaults.
 33878 | D:13     | Noticed a fenstrider witch
 34196 | D:14     | Acquired 1093 gold pieces
 34839 | D:15     | Noticed Jorgrun
 34852 | D:15     | Killed Jorgrun
 35462 | D:15     | Found a staircase to the Depths.
 35462 | D:15     | Noticed a frost giant
 35469 | D:15     | Killed a frost giant
 35884 | Spider:1 | Entered Level 1 of the Spider Nest
 35887 | Spider:1 | Noticed Asterion
 35899 | Lair:3   | Noticed a balrug
 35903 | Lair:3   | Killed Asterion
 36252 | Spider:1 | Reached XP level 16. HP: 109/109 MP: 23/29
 36637 | Spider:1 | Noticed Nikola
 36663 | Spider:1 | Killed Nikola
 36664 | Spider:1 | Reached skill level 15 in Shields
 38131 | Spider:3 | Reached skill level 10 in Unarmed Combat
 38894 | Spider:4 | Entered Level 4 of the Spider Nest
 39188 | Spider:4 | Reached XP level 17. HP: 119/119 MP: 25/30
 40483 | Spider:4 | Got a gossamer rune of Zot
 40680 | Shoals:1 | Entered Level 1 of the Shoals
 40780 | Lair:1   | Bought an amulet of reflection for 420 gold pieces
 40780 | Lair:1   | Bought the ring "Dyryhum" {Fly rC+ EV+4 Dex+3} for 817 gold
                  | pieces
 42182 | Shoals:2 | Noticed Donald
 42190 | Shoals:2 | Killed Donald
 42309 | Shoals:2 | Noticed Ilsuiw
 42323 | Shoals:2 | Gained mutation: You are agile. (Dex +2) [mutagenic glow]
 42345 | Shoals:2 | Killed Ilsuiw
 42368 | Shoals:2 | Reached XP level 18. HP: 93/130 MP: 24/31
 43782 | Shoals:3 | Identified the +1 robe of Beyond {Regen+}
 44272 | Shoals:3 | Reached skill level 10 in Evocations
 45126 | Shoals:4 | Entered Level 4 of the Shoals
 45190 | Shoals:4 | Paralysed by an air elemental for 1 turns
 45425 | Shoals:4 | Paralysed by an air elemental for 1 turns
 45428 | Shoals:4 | Paralysed by an air elemental for 1 turns
 45640 | Shoals:4 | Reached skill level 15 in Unarmed Combat
 45686 | Shoals:4 | Paralysed by an air elemental for 1 turns
 45790 | Shoals:4 | Noticed a titan
 45938 | Shoals:4 | Identified the ring "Jaygov" {rC+ rN+ MP+9 Str-2 Int+4}
 46339 | Shoals:4 | Killed a titan
 46365 | Shoals:4 | Paralysed by an air elemental for 1 turns
 46643 | Shoals:4 | Got a barnacled rune of Zot
 46648 | Shoals:4 | Got Torott's Handbook of Supportive Moulding
 47188 | Lair:1   | Learned a level 3 spell: Frozen Ramparts
 47324 | Vaults:1 | Entered Level 1 of the Vaults
 47426 | Vaults:1 | Reached XP level 19. HP: 137/137 MP: 27/32
 47550 | Vaults:1 | Reached skill level 1 in Ice Magic
 49742 | Vaults:1 | Reached skill level 15 in Fighting
 49808 | Vaults:2 | Identified the ring of Napamm {rF- rN+ rCorr Str+2 Int+2}
 50195 | Vaults:2 | Reached skill level 5 in Ice Magic
 50832 | Vaults:2 | Reached XP level 20. HP: 145/145 MP: 30/33
 52672 | Vaults:3 | Found a staircase to the Crypt.
 52672 | Vaults:3 | Found a basalt altar of Yredelemnul.
 52672 | Vaults:3 | Found an ancient bone altar of Kikubaaqudgha.
 52764 | Vaults:4 | Reached XP level 21. HP: 153/153 MP: 28/34
 53422 | Vaults:4 | Found Bitostru's General Store.
 53430 | Vaults:4 | Bought a scroll of magic mapping for 80 gold pieces
 54735 | Depths:1 | Entered Level 1 of the Depths
 54863 | Depths:1 | Reached skill level 10 in Ice Magic
 54904 | Depths:1 | Found a magical portal.
 54930 | WizLab   | Entered Zonguldrok's Shrine
 55194 | WizLab   | Reached skill level 5 in Dodging
 55346 | WizLab   | Noticed an antique lich
 55353 | WizLab   | Killed an antique lich
 55371 | WizLab   | Found the +9 sword of Zonguldrok {reap}
 55503 | Depths:1 | Reached XP level 22. HP: 163/163 MP: 35/35
 55537 | Depths:1 | Found a gateway to Hell.
 55702 | Depths:1 | Found the +6 Majin-Bo {vamp, MP+6 Int+6}
 56216 | Depths:1 | Found a radiant altar of Vehumet.
 56571 | Depths:2 | Found Jugiquez's Jewellery Shop.
 56619 | Depths:2 | Found a corrupted altar of Lugonu.
 56619 | Depths:2 | Found a one-way gate to the infinite horrors of the Abyss.
 56959 | Depths:2 | Reached skill level 10 in Dodging
 57654 | Depths:2 | Found a snail-covered altar of Cheibriados.
 57887 | Depths:2 | Paralysed by a vampire knight for 7 turns
 57902 | Depths:2 | Reached XP level 23. HP: 146/171 MP: 36/36
 58163 | Depths:3 | Noticed a juggernaut
 58171 | Depths:3 | Noticed a caustic shrike
 58181 | Depths:3 | Killed a juggernaut
 58182 | Depths:3 | Reached skill level 10 in Spellcasting
 58188 | Depths:3 | Killed a caustic shrike
 58288 | Depths:3 | Cast into level 3 of the Abyss (a wizard)
 58578 | Abyss:3  | Gained mutation: You sometimes lose the ability to read
                  | scrolls when taking damage. [a neqoxec]
 58586 | Abyss:3  | Identified the +7 chain mail of Floral Beauty {rC+ Will-
                  | Str+4 Dex+2}
 58965 | Abyss:3  | Paralysed by accursed screaming for 1 turns
 58976 | Abyss:3  | Paralysed by accursed screaming for 2 turns
 58989 | Abyss:3  | Paralysed by accursed screaming for 2 turns
 59116 | Abyss:3  | Got an abyssal rune of Zot
 59145 | Depths:3 | Escaped the Abyss
 59243 | Depths:3 | Acquired the -1 hat of the Thirteen Priests {rF- Dex+9
                  | Slay+4}
 59244 | Depths:3 | Acquired 331 gold pieces
 59245 | Depths:3 | Acquired 869 gold pieces
 59337 | Depths:3 | Reached XP level 24. HP: 181/181 MP: 37/37
 59419 | Depths:3 | You are sucked into a shaft and drop 2 floors!
 59419 | Depths:5 | Entered Level 5 of the Depths
 59678 | Depths:5 | Noticed a caustic shrike
 59678 | Depths:5 | Noticed a caustic shrike
 59678 | Depths:5 | Noticed a caustic shrike
 59678 | Depths:5 | Paralysed by a sphinx for 7 turns
 59782 | Depths:5 | Found a gateway to a ziggurat.
 59858 | Depths:4 | Found Qeomax's Armour Shoppe.
 59934 | Depths:4 | Noticed a caustic shrike
 59964 | Depths:4 | Killed a caustic shrike
 60133 | Depths:4 | Identified the +3 halberd of Harmony {freeze, Int+5 Dex+3}
 60133 | Depths:4 | Identified the ring of the Sky {Wiz Will+ Dex+3}
 60232 | Depths:4 | Got Dadegure's Almanac of Conjuration
 60444 | Depths:4 | Found a runed translucent door.
 60450 | Depths:4 | Found a runed translucent door.
 60456 | Depths:4 | Noticed Amikeex's ghost (adept TrMo)
 60459 | Depths:4 | Noticed a dread lich
 61211 | Depths:4 | Killed a dread lich
 61247 | Depths:4 | Killed Amikeex's ghost
 61255 | Depths:4 | Reached XP level 25. HP: 187/191 MP: 37/37
 61378 | Depths:3 | Found a one-way gate leading to the halls of Pandemonium.
 61824 | Depths:3 | Learned a level 2 spell: Wereblood
 62023 | Depths:5 | Found a gate to the Realm of Zot.
 62180 | Depths:5 | Noticed Boris
 62188 | Depths:5 | Killed Boris
 62479 | Depths:5 | Identified the +5 lajatang of Paper {flame, Int+4 Stlth+}
 63101 | Zot:1    | Entered Level 1 of the Realm of Zot
 63205 | Depths:5 | Bought a scroll of acquirement for 1144 gold pieces
 63208 | Depths:5 | Acquired 619 gold pieces
 63213 | Depths:5 | Bought the amulet "Cuapous" {RegenMP +Blink rC+ Will+} for
                  | 1245 gold pieces
 63213 | Depths:5 | Bought the ring of Fukk {Will++ rCorr Dex+4 Stlth+} for
                  | 1025 gold pieces
 64368 | Zot:2    | Reached XP level 26. HP: 202/202 MP: 37/37
 65090 | Zot:2    | Identified the +2 robe "Voklofa" {Str+3 Dex+2}
 67650 | Zot:5    | Entered Level 5 of the Realm of Zot
 67945 | Zot:5    | Reached XP level 27. HP: 166/212 MP: 37/37
 68154 | Zot:5    | Lost mutation: You are agile. (Dex +2) [potion of mutation]
 68154 | Zot:5    | Lost mutation: You are weak. (Str -2) [potion of mutation]
 68154 | Zot:5    | Gained mutation: Your body sometimes deteriorates upon
                  | taking damage. [potion of mutation]
 68154 | Zot:5    | Gained mutation: You possess an exceptional clarity of
                  | mind. [potion of mutation]
 68154 | Zot:5    | Gained mutation: Your muscles are strong. (Str +2) [potion
                  | of mutation]
 68155 | Zot:5    | Lost mutation: Your muscles are strong. (Str +2) [potion of
                  | mutation]
 68155 | Zot:5    | Lost mutation: You possess an exceptional clarity of mind.
                  | [potion of mutation]
 68155 | Zot:5    | Lost mutation: You sometimes lose the ability to read
                  | scrolls when taking damage. [potion of mutation]
 68155 | Zot:5    | Gained mutation: Your body often deteriorates upon taking
                  | damage. [potion of mutation]
 68236 | Zot:5    | Noticed a dread lich
 68252 | Zot:5    | Killed a dread lich
 68275 | Zot:5    | Noticed an ancient lich
 68298 | Zot:5    | Killed an ancient lich
 68414 | Zot:5    | Noticed an orb of fire
 68451 | Zot:5    | Gained mutation: You are strong-willed. (Will+) [an orb of
                  | fire]
 68456 | Zot:5    | Killed an orb of fire
 68930 | Zot:5    | Noticed an orb of fire
 68939 | Zot:5    | Killed an orb of fire
 68941 | Zot:5    | Noticed an ancient lich
 68958 | Zot:5    | Killed an ancient lich
 68993 | Zot:5    | Noticed an orb of fire
 69000 | Zot:5    | Gained mutation: You tend to lose your temper in combat.
                  | [an orb of fire]
 69104 | Zot:5    | Gained mutation: You often lose your temper in combat. [an
                  | orb of fire]
 69105 | Zot:5    | Gained mutation: Your magical capacity is low. (-10% MP)
                  | [an orb of fire]
 69110 | Zot:5    | Gained mutation: You are clumsy. (Dex -2) [an orb of fire]
 69112 | Zot:5    | Gained mutation: You are frail. (-10% HP) [an orb of fire]
 69113 | Zot:5    | Killed an orb of fire
 69470 | Zot:5    | Lost mutation: Your body often deteriorates upon taking
                  | damage. [potion of mutation]
 69470 | Zot:5    | Lost mutation: You are frail. (-10% HP) [potion of
                  | mutation]
 69470 | Zot:5    | Gained mutation: Your natural rate of healing is unusually
                  | fast. [potion of mutation]
 69866 | Zot:5    | Lost mutation: You often lose your temper in combat.
                  | [potion of mutation]
 69866 | Zot:5    | Lost mutation: You tend to lose your temper in combat.
                  | [potion of mutation]
 69866 | Zot:5    | Lost mutation: You are strong-willed. (Will+) [potion of
                  | mutation]
 69866 | Zot:5    | Gained mutation: Your mind is acute. (Int +2) [potion of
                  | mutation]
 69891 | Zot:5    | Got the Orb of Zot
 69950 | Zot:5    | Noticed Featwot the pandemonium lord
 69974 | Zot:4    | Noticed Gaorylia the pandemonium lord
 69986 | Zot:4    | Killed Gaorylia the pandemonium lord
 70073 | Zot:1    | Noticed a seraph
 70137 | Depths:3 | Noticed Ufudiw the pandemonium lord
 70526 | D:5      | Gained mutation: You sometimes lose the ability to read
                  | scrolls when taking damage. [a cacodemon]
 70631 | D:$      | Escaped with the Orb!

Table legend: (Time is in decaauts)
 A = Elapsed time spent in this place.
 B = Non-inter-level travel time spent in this place.
 C = Inter-level travel time spent in this place.
 D = Time resting spent in this place.
 E = Time spent auto-exploring this place.
 F = Levels seen in this place.
 G = Mean time per level.
                   A        B        C        D        E       F      G
               +--------+--------+--------+--------+--------+-----+--------+
         Total |  76906 |  73191 |   3715 |  15427 |  38239 |  49 | 1569.5 |
       Dungeon |  24684 |  23078 |   1606 |   7552 |   9953 |  15 | 1645.6 |
        Temple |    188 |    175 |     13 |      0 |    161 |   1 |  188.0 |
          Lair |   9960 |   9215 |    745 |   1176 |   6407 |   6 | 1660.0 |
        Shoals |   7319 |   7137 |    182 |   1184 |   4203 |   4 | 1829.8 |
   Spider Nest |   5409 |   5232 |    177 |    985 |   2848 |   4 | 1352.2 |
  Orcish Mines |   2091 |   2060 |     31 |    255 |   1150 |   2 | 1045.5 |
        Vaults |   8590 |   8236 |    354 |    859 |   5286 |   4 | 2147.5 |
        Depths |   8755 |   8413 |    342 |   1014 |   4762 |   5 | 1751.0 |
           Zot |   7704 |   7441 |    263 |   2166 |   3166 |   5 | 1540.8 |
         Abyss |   1141 |   1141 |      0 |     17 |     26 |   1 | 1141.0 |
       Ossuary |    407 |    407 |      0 |    187 |      4 |   1 |  407.0 |
        Wizlab |    653 |    653 |      0 |     30 |    270 |   1 |  653.0 |
               +--------+--------+--------+--------+--------+-----+--------+

Top non-repeatable levels by time:
Vaults:1: 2783 daAuts
   Zot:5: 2621 daAuts
    D:10: 2525 daAuts
     D:9: 2453 daAuts
  Lair:6: 2432 daAuts
Depths:5: 2263 daAuts
     D:1: 2247 daAuts
Shoals:4: 2207 daAuts
Vaults:4: 2143 daAuts
Shoals:2: 2090 daAuts
Vaults:3: 2013 daAuts
   Zot:2: 1996 daAuts
  Lair:2: 1995 daAuts
     D:8: 1994 daAuts
Depths:2: 1961 daAuts

Table legend:
 A = Kills in this place as a percentage of kills in entire the game.
 B = Kills by you in this place as a percentage of kills by you in the entire game.
 C = Kills by friends in this place as a percentage of kills by friends in the entire game.
 D = Other kills in this place as a percentage of other kills in the entire game.
 E = Experience gained in this place as a percentage of experience gained in the entire game.
 F = Experience gained in this place divided by the number of levels of this place that you have seen.
                   A       B       C       D       E      F
               +-------+-------+-------+-------+-------+----------------------
         Total | 100.0 | 100.0 | 100.0 | 100.0 | 100.0 | 31344.2
       Dungeon |  17.9 |  16.9 |  69.2 |  16.7 |   6.2 | 6314.0
          Lair |   9.0 |   9.3 |   0.0 |   0.0 |   3.4 | 8731.5
        Shoals |   9.2 |   9.4 |   0.0 |   0.0 |   6.6 | 25465.5
   Spider Nest |   9.5 |   9.6 |   0.0 |   8.3 |   5.7 | 22037.2
  Orcish Mines |   5.5 |   5.3 |   0.0 |  50.0 |   0.8 | 6003.5
        Vaults |  14.3 |  14.6 |   0.0 |   8.3 |  15.1 | 58001.5
        Depths |  15.7 |  16.0 |   0.0 |   8.3 |  26.3 | 80718.0
           Zot |  10.7 |  10.6 |  20.5 |   8.3 |  30.4 | 93363.0
         Abyss |   5.3 |   5.5 |   0.0 |   0.0 |   4.2 | 64212.0
       Ossuary |   1.3 |   1.1 |  10.3 |   0.0 |   0.0 | 242.0
        Wizlab |   1.7 |   1.8 |   0.0 |   0.0 |   1.3 | 19882.0
               +-------+-------+-------+-------+-------+----------------------

Action                   |  1- 3 |  4- 6 |  7- 9 | 10-12 | 13-15 | 16-18 | 19-21 | 22-24 | 25-27 || total
-------------------------+-------+-------+-------+-------+-------+-------+-------+-------+-------++-------
Melee: Unarmed           |    16 |       |       |       |       |    14 |  1164 |  1212 |   989 ||  3395
       Dagger            |    70 |    90 |   288 |   447 |       |       |       |       |       ||   895
       Constrict         |    18 |    17 |    51 |    73 |   166 |   223 |   148 |   114 |   143 ||   953
       Tentacles         |    12 |    15 |    46 |    93 |   286 |   326 |   238 |   234 |   241 ||  1491
       Quick blade       |       |       |       |    31 |  1172 |  1404 |       |       |       ||  2607
       Punch             |       |       |       |       |    19 |   157 |   180 |   160 |   184 ||   700
Throw: Javelin           |       |     6 |    28 |    17 |       |       |     1 |     1 |     6 ||    59
       Throwing net      |       |       |     1 |       |       |       |       |       |       ||     1
 Cast: Summon Small Mamm |    32 |     7 |     2 |     1 |       |       |       |       |       ||    42
       Call Canine Famil |       |       |    33 |    47 |       |       |       |       |       ||    80
       Petrify           |       |       |       |    81 |    98 |    22 |       |       |       ||   201
       Statue Form       |       |       |       |       |    45 |   104 |    64 |    66 |    86 ||   365
       Frozen Ramparts   |       |       |       |       |       |       |       |    15 |     1 ||    16
       Wereblood         |       |       |       |       |       |       |       |       |     1 ||     1
Invok: Call Merchant     |       |       |       |     1 |     2 |     3 |       |       |     4 ||    10
 Abil: End Transformatio |       |       |       |       |       |     1 |       |       |     2 ||     3
       Evoke Blink       |       |       |       |       |       |       |       |       |     1 ||     1
Evoke: Wand              |       |       |       |    22 |     7 |    11 |     1 |     5 |    20 ||    66
       Condenser vane    |       |       |       |     1 |     3 |     6 |     5 |     6 |     4 ||    25
       Lightning rod     |       |       |       |       |     9 |     4 |     4 |       |       ||    17
       Box of beasts     |       |       |       |       |       |       |       |       |     6 ||     6
  Use: Scroll            |       |     5 |    11 |    16 |     8 |     7 |     2 |     6 |    14 ||    69
       Potion            |       |     2 |     1 |     3 |     1 |     1 |       |     3 |    18 ||    29
 Stab: Sleeping          |     9 |     8 |    10 |    16 |    27 |    26 |     9 |    10 |    10 ||   125
       Distracted        |       |       |     3 |     8 |     6 |    16 |    14 |    26 |    20 ||    93
       Petrified         |       |       |       |    53 |    65 |    21 |       |       |       ||   139
       Petrifying        |       |       |       |    11 |    18 |     1 |       |       |       ||    30
       Confused          |       |       |       |       |     2 |     6 |       |       |       ||     8
       Paralysed         |       |       |       |       |       |     1 |       |       |     1 ||     2
Armor: Skin              |     7 |    33 |    55 |    60 |   183 |   532 |   387 |   394 |   384 ||  2035
Dodge: Dodged            |    57 |    56 |   144 |   213 |   385 |   836 |   696 |   781 |   813 ||  3981
Block: Buckler           |       |       |       |    62 |   103 |       |       |       |       ||   165
       Kite shield       |       |       |       |       |   298 |  1306 |  1041 |   991 |   872 ||  4508
       Reflection        |       |       |       |       |       |    69 |    47 |     9 |    14 ||   139

Vanquished Creatures
  2 dread liches
  3 ancient liches
  3 orbs of fire (Zot:5)
  A juggernaut (Depths:3)
  A pandemonium lord (Zot:4)
  10 Killer Klowns (Zot:5)
  Boris (Depths:5)
  2 curse toes
  2 caustic shrikes
  9 golden dragons
  Nikola (Spider:1)
  A profane servitor (D:12)
  13 tentacled monstrosities
  A Hell Sentinel (Zot:1)
  Jorgrun (D:15)
  3 electric golems (Zot:5)
  8 liches
  Asterion (Lair:3)
  6 quicksilver dragons
  4 titans
  28 Orb Guardians
  Gastronok (Lair:2)
  An ancient champion (WizLab)
  6 sphinxes
  5 tentacled starspawn (Abyss:3)
  2 krakens
  The ghost of Amikeex the Brawler, an adept TrMo of Nemelex Xobeh (Depths:4)
  4 Executioners
  Kirke (D:12)
  8 death cobs
  11 storm dragons
  9 shadow dragons
  7 draconian monks
  Ilsuiw (Shoals:2)
  5 tengu reavers
  7 fire giants
  Donald (Shoals:2)
  7 draconian knights
  5 ghost moths
  6 spectral caustic shrikes (Depths:1)
  A cacodemon (D:5)
  2 balrugs
  6 draconian scorchers
  10 vault wardens
  15 frost giants
  8 emperor scorpions
  3 iron dragons
  6 draconian stormcallers
  8 draconian annihilators
  3 reapers
  2 war gargoyles
  9 draconian shifters
  17 ironbound preservers
  24 very ugly things
  A juggernaut skeleton (Depths:2)
  2 spriggan defenders (Depths:3)
  Nessos (D:12)
  11 black draconians
  9 vampire knights
  14 stone giants
  11 green draconians
  12 red draconians
  2 lorocyprocas
  7 dire elephants
  3 entropy weavers
  2 deep elf annihilators
  7 purple draconians
  9 yellow draconians
  11 spark wasps
  11 white draconians
  A blizzard demon (Abyss:3)
  A deep elf death mage (Depths:4)
  A crystal guardian (Vaults:3)
  An eidolon (Abyss:3)
  A green death (Depths:3)
  20 ettins
  14 fire dragons
  5 merfolk javelineers
  10 merfolk impalers
  6 great orbs of eyes
  2 jiangshi (Depths:5)
  15 yaktaur captains
  11 ironbound thunderhulks
  5 rakshasas
  6 hydras
  10 ironbound frosthearts
  7 vault guards
  2 boulder beetles
  2 ghost crabs (Spider:3)
  3 spriggan air magi
  4 peacekeepers
  10 ice dragons
  3 alligator snapping turtles
  A death knight (Abyss:3)
  A satyr (Shoals:3)
  6 centaur warriors
  3 two-headed ogres
  A catoblepas (D:15)
  4 merfolk avatars
  An alligator (Shoals:3)
  3 merfolk aquamancers
  6 ironbound beastmasters
  4 deep troll shamans
  6 deep troll earth magi
  7 vampire magi
  9 spriggan berserkers
  6 thrashing horrors (Abyss:3)
  5 tengu warriors
  A shock serpent (shapeshifter) (Depths:5)
  An orc high priest (Orc:1)
  11 hell knights
  Sonja (Lair:2)
  3 soul eaters
  A shadow wraith (Abyss:3)
  7 sun demons
  A salamander mystic (Depths:4)
  9 skeletal warriors
  3 sixfirhies
  6 wretched stars (Abyss:3)
  6 iron trolls
  2 infernal demonspawn (D:13)
  A spark wasp zombie (Depths:2)
  An entropy weaver zombie (Vaults:2)
  9 sea snakes
  56 deep trolls
  5 flayed ghosts
  3 glowing orange brains
  2 lindwurms
  A shadow demon (D:12)
  An orange crystal statue (Depths:5)
  12 necromancers
  14 wizards
  13 ironbound convokers
  4 phantasmal warriors
  Pikel (D:8)
  32 harpies
  3 orc knights
  A mana viper (shapeshifter) (Abyss:3)
  18 orb spiders
  2 deep elf pyromancers
  22 wolf spiders
  A stone giant zombie (Depths:2)
  An oklob plant (Lair:6)
  64 ugly things
  11 fauns
  31 moths of wrath
  A sphinx skeleton (Depths:1)
  4 orc sorcerers (Orc:2)
  4 cyclopes
  3 salamanders (Depths:4)
  16 manticores
  A dire elephant zombie (Abyss:3)
  12 large abominations (Abyss:3)
  A frost giant skeleton (Vaults:2)
  A stone giant skeleton (Depths:1)
  An iron dragon skeleton (Depths:4)
  3 worldbinders (Abyss:3)
  6 smoke demons
  A spriggan zombie (Depths:2)
  A black mamba (shapeshifter) (Abyss:3)
  16 vault sentinels
  11 merfolk sirens
  Joseph (D:10)
  3 rust devils
  A fire giant skeleton (Depths:1)
  An orange demon (D:5)
  6 elephants (Lair:6)
  2 gargoyles (D:13)
  10 water nymphs
  5 black mambas
  13 cane toads
  9 torpor snails
  2 unseen horrors (Depths:5)
  4 rime drakes
  A human zombie (Vaults:2)
  An elf zombie (Depths:4)
  6 demonic crawlers
  39 yaktaurs
  3 kobold demonologists
  A tormentor (Zot:4)
  8 komodo dragons
  3 spriggan skeletons
  7 efreet
  4 tengu conjurers
  29 merfolk
  A hellwing (Depths:3)
  28 jumping spiders
  2 red devils
  9 polar bears
  A human skeleton (Vaults:2)
  2 silent spectres (Abyss:3)
  2 ancient zymes (Abyss:3)
  2 polar bears (shapeshifter)
  17 wind drakes
  10 hornets
  Prince Ribbit (D:5)
  A meliai (shapeshifter) (Abyss:3)
  4 trolls
  31 slime creatures
  3 tyrant leeches (Spider:3)
  13 blink frogs
  3 raiju (Abyss:3)
  2 fire giant simulacra
  8 dream sheep (Lair:6)
  13 snapping turtles
  63 redbacks
  A redback (shapeshifter) (Depths:3)
  16 starcursed masses (Abyss:3)
  13 water elementals
  6 vampires
  An ettin skeleton (Abyss:3)
  2 shadows
  23 tarantellas
  17 spriggans
  10 air elementals
  3 wraiths
  40 yaks
  2 ynoxinuls
  5 wyverns
  Eustachio (D:5)
  7 basilisks
  6 hogs
  3 neqoxecs (Abyss:3)
  3 steam dragons
  13 vampire mosquitoes
  Edmund (D:5)
  3 two-headed ogre zombies (WizLab)
  4 ogre zombies
  16 water moccasins
  7 small abominations (Abyss:3)
  8 hell hounds
  A tengu skeleton (Depths:1)
  2 floating eyes
  2 ice beasts (D:7)
  28 orc warriors
  A hornet zombie (D:6)
  A necrophage (D:7)
  A sky beast (Shoals:3)
  6 boggarts
  28 wolves
  9 ogres
  10 centaurs
  2 phantoms
  2 kobold brigands
  12 bullfrogs
  3 scorpions
  2 water moccasin skeletons
  5 killer bees (D:8)
  9 troll zombies (WizLab)
  21 wights
  12 howler monkeys
  11 electric eels
  2 centaur zombies
  2 bullfrog zombies
  2 jellies
  3 hounds
  A gnoll shaman (D:9)
  26 orc priests
  A centaur skeleton (D:6)
  An iguana (D:5)
  28 orc wizards
  4 hell rats (Lair:5)
  A killer bee zombie (D:8)
  A hound skeleton (D:5)
  A mummy (Ossuary)
  A howler monkey zombie (D:9)
  12 gnolls
  A howler monkey skeleton (D:7)
  3 adders
  A white imp (Abyss:3)
  3 ufetubi
  A dart slug (D:1)
  66 orcs
  7 ball pythons
  6 endoplasms
  7 goblins
  5 hobgoblins
  5 jackals (D:3)
  7 quokkas
  5 bats
  5 frilled lizards
  5 gnoll skeletons (Ossuary)
  9 kobolds
  5 kobold skeletons (Ossuary)
  11 orc skeletons (Ossuary)
  A quokka skeleton (D:4)
  4 rats
  A spectral goblin (D:6)
  3 starspawn tentacles (Abyss:3)
  5 tentacles (Shoals:2)
2068 creatures vanquished.

Vanquished Creatures (collateral kills)
  3 Killer Klowns (Zot:5)
  2 Orb Guardians (Zot:5)
  Louise (D:15)
  A draconian shifter (Zot:5)
  2 green draconians
  2 yaks
  A vampire mosquito (D:15)
  A warg (D:10)
  An ogre (D:5)
  A centaur (D:10)
  A howler monkey (D:9)
  A howler monkey zombie (D:9)
  2 adders
  A worm (D:3)
  3 orcs
  A ball python (D:1)
  3 endoplasms
  4 goblins
  3 hobgoblins (D:1)
  A bat (D:1)
  A gnoll skeleton (Ossuary)
  3 orc skeletons (Ossuary)
39 creatures vanquished.

Vanquished Creatures (others)
  A draconian annihilator (Zot:5)
  A draconian stormcaller (Depths:5)
  2 dancing weapons (D:13)
  A wizard (Vaults:2)
  A large abomination (Abyss:3)
  A tyrant leech (Spider:3)
  A small abomination (Abyss:3)
  2 orcs
  36 fungi
  A lurking horror (Abyss:3)
  116 plants
  9 starspawn tentacles (Abyss:3)
  4 tentacles (Shoals:2)
176 creatures vanquished.

Grand Total: 2283 creatures vanquished
